 Dungeon Crawl Stone Soup version 0.22.1-2-g9c5b331 (webtiles) character file.

4455 systemy the Cleaver (level 10, -1/129 HPs)
             Began as a Minotaur Berserker on Dec 28, 2018.
             Was a High Priest of Trog.
             Slain by a worker ant (3 damage)
             ... on level 8 of the Dungeon.
             The game lasted 00:18:42 (6360 turns).

systemy the Cleaver (Minotaur Berserker)            Turns: 6360, Time: 00:18:42

Health: -1/129     AC: 25    Str: 25    XL:     10   Next: 15%
Magic:  0/9        EV:  2    Int: 11    God:    Trog [*****.]
Gold:   287        SH:  4    Dex: 10    Spells: 9/9 levels left

rFire    + . .     SeeInvis .   D - +1 war axe (freeze)
rCold    + . .     Gourm    .   x - +0 buckler
rNeg     + + +     Faith    .   (armour currently unavailable)
rPois    +         Spirit   +   (helmet currently unavailable)
rElec    +         Reflect  .   (cloak currently unavailable)
rCorr    +         Harm     .   (gloves currently unavailable)
MR       .....     NoTele   +   (boots currently unavailable)
Stlth    +.........             p - amulet of guardian spirit
HPRegen  0.31/turn              h - ring of positive energy
MPRegen  0.11/turn              j - +2 ring of intelligence

@: brilliant, tree-form, resistant, berserk cooldown, slowed, very slow
A: (retaliatory headbutt)
a: Berserk, Trog's Hand, Brothers in Arms, Renounce Religion


You were on level 8 of the Dungeon.
You worshipped Trog.
Trog was extremely pleased with you.
You were near starving.
You were a tree.
You visited 1 branch of the dungeon, and saw 8 of its levels.

You collected 287 gold pieces.

Inventory:

Hand Weapons
 a - a +0 hand axe
 y - a +4 battleaxe
 z - a cursed +2 battleaxe of freezing
 A - a cursed +5 battleaxe of freezing
 D - a +1 war axe of freezing (weapon)
 I - a -3 war axe of flaming
 K - a +3 battleaxe
 L - a +3 battleaxe
Armour
 b - a +0 animal skin
 f - a +0 ring mail
 v - a +0 plate armour (melded)
 x - a +0 buckler (worn)
 B - a +0 cloak (melded)
Jewellery
 h - a ring of positive energy (left branch)
 j - a +2 ring of intelligence (right branch)
 p - an amulet of guardian spirit (around neck)
Wands
 l - a wand of iceblast (9)
 w - a wand of flame (40)
 F - a wand of random effects (17)
 H - a wand of enslavement (8)
Scrolls
 d - 2 scrolls of fog {unknown}
 e - 9 scrolls of identify {unknown}
 g - a scroll of random uselessness {unknown}
 k - 4 scrolls of teleportation {unknown}
 m - 2 scrolls of remove curse {unknown}
 n - 2 scrolls of fear {unknown}
 q - 2 scrolls of enchant armour {unknown}
 r - a scroll of blinking {unknown}
 E - 2 scrolls of amnesia {unknown}
 G - a scroll of noise {unknown}
Potions
 i - 6 potions of curing
 o - 2 potions of lignification
 t - 2 potions of flight
 C - a potion of heal wounds {unknown}
 J - a potion of mutation {unknown}
Comestibles
 c - 10 rations


   Skills:
 + Level 7.1 Fighting
 * Level 13.8 Axes
 + Level 7.1 Armour
 + Level 3.7 Dodging
 * Level 4.7 Shields


You had 9 spell levels left.
You didn't know any spells.
Your spell library was empty.

Dungeon Overview and Level Annotations

Branches:
Dungeon (8/15)             Temple (0/1) D:5
   Lair: D:8-11

Altars:
Ashenzari
Cheibriados
Elyvilon
Gozag
Qazlal
Ru
Vehumet
Zin
The Shining One

Shops:
D:7 }*

Annotations:
D:8 Psyche


Innate Abilities, Weirdness & Mutations

((You reflexively headbutt those who attack you in melee.))
((You have a pair of horns on your head.))


Message History

* * * LOW HITPOINT WARNING * * *
The bullfrog barely misses your ogre.
The bullfrog hits you but does no damage.
The warg bites you.
* * * LOW HITPOINT WARNING * * *
You block the adder's attack.
The orc priest looks braver for a moment.
The iguana bites you but does no damage.
The orc priest begins to cast a cantrip, but forgets the words!
The worker ant bites you but does no damage.
It was a potion of resistance.
You feel protected.
Your ogre completely misses the warg.
The bullfrog barely misses your ogre.
The bullfrog hits you but does no damage.
The warg bites you but does no damage. You block the adder's attack.
The bullfrog hits your ogre!
The bullfrog hits you but does no damage.
Your ogre hits the warg with a giant club!!
The worker ant bites you.
You die...

.. ..$##
... #...#
...# #.$.#
.....#...#
.....#..)#
#.......#
##[..OSla#
....Fhh♣.#
.#o.ohoF.?#
...####...#
. #...#
#.### ..#
..# ..#


You could see 3 wargs, 2 bullfrogs, an iguana, a worker ant, 2 orc priests, an
orc wizard, an adder and a friendly ogre (berserk).

Vanquished Creatures
  A two-headed ogre (D:8)
  2 hippogriffs (D:7)
  Sigmund (D:2)
  Menkaure (D:5)
  2 water moccasins
  A black bear (D:7)
  A sky beast (D:5)
  An ice beast (D:6)
  A necrophage (D:6)
  An ogre (D:4)
  4 centaurs
  A big kobold (D:4)
  Blork the orc (D:4)
  6 bullfrogs
  7 scorpions
  8 wights
  An electric eel (D:6)
  3 hounds
  An orc priest (D:6)
  5 jellies
  Crazy Yiuf (D:7)
  2 bullfrog skeletons
  A centaur skeleton (D:7)
  An iguana (D:4)
  2 orc wizards
  5 worker ants
  A hound skeleton (D:5)
  A worker ant zombie (D:5)
  Robin (D:4)
  3 gnolls (D:3)
  A howler monkey skeleton (D:7)
  16 adders
  2 oozes
  5 worms (D:2)
  A dart slug (D:3)
  5 leopard geckos
  20 orcs
  15 bats
  5 giant cockroaches
  13 hobgoblins
  16 jackals
  8 quokkas
  2 ball pythons
  8 frilled lizards
  19 goblins
  A jackal zombie (D:8)
  6 kobolds
  A leopard gecko skeleton (D:6)
  A quokka skeleton (D:5)
  6 rats
218 creatures vanquished.

Vanquished Creatures (others)
  A fungus (D:6)
1 creature vanquished.

Grand Total: 219 creatures vanquished

Notes
Turn   | Place    | Note
-------+----------+-------------------------------------------
     0 | D:1      | systemy the Minotaur Berserker began the quest for the Orb.
     0 | D:1      | Reached XP level 1. HP: 19/19 MP: 0/0
    90 | D:1      | Reached skill level 4 in Axes
    90 | D:1      | Reached XP level 2. HP: 24/27 MP: 1/1
   398 | D:1      | Reached ** piety under Trog
   398 | D:1      | Reached XP level 3. HP: 33/33 MP: 2/2
   933 | D:2      | Noticed Sigmund
  1213 | D:2      | Killed Sigmund
  1213 | D:2      | Reached skill level 5 in Fighting
  1213 | D:2      | Reached skill level 5 in Axes
  1213 | D:2      | Reached XP level 4. HP: 42/42 MP: 3/3
  1213 | D:2      | Reached XP level 5. HP: 48/48 MP: 4/4
  1579 | D:2      | Reached *** piety under Trog
  1603 | D:2      | Reached XP level 6. HP: 38/56 MP: 5/5
  1610 | D:2      | Reached skill level 6 in Axes
  2095 | D:3      | Found a white marble altar of Elyvilon.
  2095 | D:3      | Found a glowing silver altar of Zin.
  2095 | D:3      | Found a glowing golden altar of the Shining One.
  2702 | D:4      | Noticed Robin
  2729 | D:4      | Killed Robin
  2760 | D:4      | Noticed Blork the orc
  2766 | D:4      | Killed Blork the orc
  2766 | D:4      | Reached **** piety under Trog
  2766 | D:4      | Reached skill level 7 in Axes
  2890 | D:4      | Reached XP level 7. HP: 60/61 MP: 6/6
  2898 | D:4      | Found a shattered altar of Ashenzari.
  2920 | D:4      | Reached skill level 5 in Armour
  2921 | D:4      | Reached skill level 8 in Axes
  3505 | D:5      | Entered Level 5 of the Dungeon
  3511 | D:5      | Noticed Menkaure
  3517 | D:5      | Killed Menkaure
  3517 | D:5      | Reached skill level 9 in Axes
  3517 | D:5      | Reached XP level 8. HP: 63/70 MP: 7/7
  3580 | D:5      | Found a stormy altar of Qazlal.
  4040 | D:5      | Reached skill level 10 in Axes
  4185 | D:5      | Reached skill level 1 in Shields
  4218 | D:5      | Found a staircase to the Ecumenical Temple.
  4403 | D:6      | Reached skill level 11 in Axes
  4628 | D:6      | Reached XP level 9. HP: 72/78 MP: 8/8
  4658 | D:6      | Reached ***** piety under Trog
  4794 | D:6      | Reached skill level 12 in Axes
  5467 | D:7      | Found an opulent altar of Gozag.
  5575 | D:7      | Found Ihayps's Gadget Emporium.
  5589 | D:7      | Found Ippah's Incredible Inventory.
  5813 | D:7      | Found a snail-covered altar of Cheibriados.
  5813 | D:7      | Found a radiant altar of Vehumet.
  6092 | D:7      | Found a runed door.
  6096 | D:7      | Noticed Crazy Yiuf
  6099 | D:7      | Killed Crazy Yiuf
  6099 | D:7      | Reached skill level 13 in Axes
  6286 | D:8      | Found a shattered altar of Ashenzari.
  6286 | D:8      | Found a sacrificial altar of Ru.
  6327 | D:8      | Noticed a two-headed ogre
  6335 | D:8      | Noticed Psyche
  6339 | D:8      | Killed a two-headed ogre
  6339 | D:8      | Reached XP level 10. HP: 48/86 MP: 3/9
  6340 | D:8      | Received a gift from Trog
  6357 | D:8      | HP: 3/129 [iguana (7)]
  6360 | D:8      | Slain by a worker ant

Skill      XL: |  1  2  3  4  5  6  7  8  9 |
---------------+----------------------------+-----
Axes           | 4 5 7 9 11 13 | 13.8
Fighting       | 4 5 6 7 |  7.1
Armour         | 4 5 6 7 |  7.1
Dodging        | 3 |  3.7
Shields        | 1 4 |  4.7

Action                   |  1- 3 |  4- 6 |  7- 9 | 10-12 || total
-------------------------+-------+-------+-------+-------++-------
Melee: Hand axe          |    72 |   160 |    19 |       ||   251
       Headbutt          |    15 |    28 |    44 |       ||    87
       Battleaxe         |       |       |    59 |       ||    59
       War axe           |       |       |   170 |     7 ||   177
Invok: Berserk           |     1 |     2 |     2 |       ||     5
       Brothers in Arms  |       |       |       |     1 ||     1
  Use: Potion            |       |       |       |     6 ||     6
  Eat: Chunk             |       |    10 |    11 |       ||    21
Armor: Animal skin       |     1 |       |       |       ||     1
       Ring mail         |    21 |    37 |       |       ||    58
       Plate armour      |       |    12 |   151 |     7 ||   170
       Skin              |       |       |       |    31 ||    31
Dodge: Dodged            |    55 |    89 |    90 |     2 ||   236
Block: Buckler           |       |       |    27 |    10 ||    37
